 Dungeon Crawl Stone Soup version 0.30-a0-870-gc5d4c5acee (webtiles) character file.

Game seed: 4224480662818061222

714 cforsyth the Covered (level 7, -4/57 HPs)
             Began as a Barachi Fighter on Mar 12, 2023.
             Slain by a black bear (11 damage)
             ... on level 6 of the Dungeon.
             The game lasted 00:07:29 (4634 turns).

cforsyth the Covered (Barachi Fighter)              Turns: 4634, Time: 00:07:30

Health: -4/57      AC: 10    Str: 17    XL:     7   Next: 69%
Magic:  7/7        EV: 14    Int:  9    God:
Gold:   238        SH:  5    Dex: 13    Spells: 6/6 levels left

rFire   . . .      SeeInvis .    a - +0 long sword
rCold   . . .      Faith    .    c - +0 buckler
rNeg    . . .      Spirit   .    b - +0 scale mail
rPois   +          Reflect  .    (no helmet)
rElec   .          Rampage  .    r - +0 cloak
rCorr   .                        (no gloves)
Will    .....                    g - +0 pair of boots Stlth
                                 (no amulet)
HPRegen 0.29/turn                i - ring of poison resistance
MPRegen 0.10/turn                k - +5 ring of evasion

@: slow
A: amphibious, slowness 1, strong legs 1, +LOS
a: Hop


You were on level 6 of the Dungeon.
You visited 1 branch of the dungeon, and saw 6 of its levels.

You collected 238 gold pieces.

Inventory:

Hand Weapons
 a - a +0 long sword (weapon)
Missiles
 v - a throwing net
Armour
 b - a +0 scale mail (worn)
 c - a +0 buckler (worn)
 g - a +0 pair of boots (worn)
 r - a +0 cloak (worn)
Jewellery
 i - a ring of poison resistance (left hand)
 k - a +5 ring of evasion (right hand)
Scrolls
 h - 3 scrolls of identify {unknown}
 j - a scroll of silence {unknown}
 m - a scroll of fear {unknown}
 n - 4 scrolls of teleportation {unknown}
 o - a scroll of enchant armour {unknown}
 q - a scroll of magic mapping {unknown}
 s - a scroll of amnesia {unknown}
 w - a scroll of enchant weapon {unknown}
 x - a scroll of vulnerability {unknown}
 y - a scroll of poison {unknown}
Potions
 d - 2 potions of might
 e - a potion of curing {unknown}
 f - 2 potions of berserk rage {unknown}
 l - a potion of ambrosia
 p - a potion of haste {unknown}
 t - a potion of lignification {unknown}
 u - a potion of flight {unknown}
 z - a potion of degeneration {unknown}
 A - a potion of heal wounds {unknown}
 B - a potion of invisibility {unknown}
 C - a potion of brilliance {unknown}


   Skills:
 + Level 5.6 Fighting
 + Level 4.9 Long Blades
 + Level 5.7 Armour
 + Level 5.2 Shields
 + Level 3.6 Evocations


You had 6 spell levels left.
You didn't know any spells.
Your spell library contained the following spells:

 Spells                   Type           Power      Damage    Failure   Level
 Sublimation of Blood     Necr           0%         N/A       94%         2
 Tukima's Dance           Hex            0%         N/A       99%         3
 Passage of Golubria      Tloc           0%         N/A       100%        4
 Petrify                  Tmut/Erth      0%         N/A       100%        4
 Irradiate                Conj/Tmut      0%         3d11      100%        5
 Yara's Violent Unravell  Hex/Tmut       0%         3d3       100%        5


Dungeon Overview and Level Annotations

Branches:
Dungeon (6/15)
 Temple: D:4-7

Altars:
Dithmenos
Okawaru
Yredelemnul

Annotations:
D:2 1 runed translucent door, Crazy Yiuf
D:5 Grinder, Prince Ribbit


Innate Abilities, Weirdness & Mutations

You are amphibious.
You cover ground slowly.
You can hop short distances.
You have an extended range of vision and can be seen from far away.


Message History

The black bear bites you but does no damage.
The black bear claws you but does no damage.
The black bear misses you.
You barely miss the black bear.
The black bear is moderately wounded.
The black bear bites you but does no damage.
The black bear misses you. You block the black bear's attack.
You slash the black bear!
The black bear is severely wounded.
The black bear goes berserk!
You hit the black bear.
The black bear is severely wounded.
The black bear bites you! The black bear closely misses you.
The black bear claws you. The black bear barely misses you.
The black bear claws you.
* * * LOW HITPOINT WARNING * * *
You block the black bear's attack.
You hit the black bear.
The black bear is almost dead.
The black bear bites you.
* * * LOW HITPOINT WARNING * * *
The black bear closely misses you. The black bear claws you.
* * * LOW HITPOINT WARNING * * *
The black bear bites you.
* * * LOW HITPOINT WARNING * * *
The black bear misses you.
The black bear claws you but does no damage.
You barely miss the black bear.
The black bear is almost dead.
The black bear barely misses you.
The black bear claws you but does no damage. x2
You block the black bear's attack. The black bear barely misses you. x2
You hit the black bear.
The black bear is almost dead.
The black bear completely misses you. The black bear barely misses you.
You block the black bear's attack.
You hit the black bear.
The black bear is almost dead.
The black bear bites you!
You die...

........# #.
.......+ .# #.
......# ..#####.
.....##...........
#........≈≈≈≈≈≈≈≈≈
#.# ≈...§§..≈ #†#
≈.§§§≈§.≈ #h#
≈.≈...≈.≈ #@#
≈.≈._.≈.≈ #.#
≈.≈...≈.≈ #.#
≈.≈≈.≈≈.≈ #.#
≈.......≈ #.#
≈≈.≈≈≈≈≈≈ #.#
......... #.#
########.
#.###############.
#.................


You could see a black bear (berserk).

Vanquished Creatures
  2 sky beasts (D:6)
  A scorpion (D:4)
  6 hounds
  A jelly (D:6)
  An orc priest (D:4)
  An orc wizard (D:3)
  An iguana (D:4)
  3 adders
  4 gnolls
  An ufetubus (D:4)
  2 worms
  4 dart slugs
  12 orcs
  11 ball pythons
  9 endoplasms
  3 giant cockroaches
  4 goblins
  7 hobgoblins
  2 quokkas
  4 bats (D:2)
  A frilled lizard (D:2)
  7 kobolds
  8 rats
95 creatures vanquished.

Vanquished Creatures (others)
  5 plants (D:4)
5 creatures vanquished.

Grand Total: 100 creatures vanquished

Notes
Turn   | Place    | Note
-------+----------+-------------------------------------------
     0 | D:1      | cforsyth the Barachi Fighter began the quest for the Orb.
     0 | D:1      | Reached XP level 1. HP: 18/18 MP: 1/1
    59 | D:1      | Reached XP level 2. HP: 25/25 MP: 2/2
   330 | D:1      | Found a faded altar of an unknown god.
   539 | D:2      | Reached skill level 1 in Evocations
   553 | D:2      | Reached XP level 3. HP: 30/30 MP: 3/3
   825 | D:2      | Found a runed translucent door.
   826 | D:2      | Noticed Crazy Yiuf
  1094 | D:2      | Reached XP level 4. HP: 31/37 MP: 4/4
  1444 | D:3      | Found a shadowy altar of Dithmenos.
  1958 | D:3      | Reached XP level 5. HP: 43/43 MP: 5/5
  2720 | D:4      | Reached XP level 6. HP: 49/49 MP: 6/6
  3359 | D:4      | Reached skill level 5 in Fighting
  3359 | D:4      | Reached skill level 5 in Armour
  3878 | D:5      | Entered Level 5 of the Dungeon
  3888 | D:5      | Noticed Grinder
  3931 | D:5      | Reached XP level 7. HP: 56/56 MP: 7/7
  3958 | D:5      | Noticed Prince Ribbit
  4323 | D:5      | Found a basalt altar of Yredelemnul.
  4532 | D:6      | Found an iron altar of Okawaru.
  4594 | D:6      | Reached skill level 5 in Shields
  4634 | D:6      | Slain by a black bear

Illustrated notes

Levels and vault maps discovered:
D:1:      dpeg_arrival_windows_large_door, layout_rooms,
          shapermc_ecumenical_altar_flowoftime
D:2:      layout_rooms, minmay_randomly_rotated_circles, uniq_crazy_yiuf_cottage
D:3:      layout_rooms, mainiacjoe_overflow_six_doors_small
D:4:      layout_loops_cross, serial_forest, infiniplex_forest_split,
          infiniplex_forest_clump_medium, infiniplex_forest_end_2,
          infiniplex_forest_lined_1, infiniplex_forest_pool,
          infiniplex_forest_clump_small, hex_large
D:5:      wander_river, layout_basic, minmay_overflow_temple_star_quad,
          nicolae_overflow_hidden_temple, lemuel_temple_firewalk_b,
          uniq_grinder, uniq_prince_ribbit1
D:6:      layout_basic, mainiacjoe_overflow_concentric_impassable,
          interstate_on_off, bh_walls_and_bars

Skill      XL: |  1  2  3  4  5  6  7 |
---------------+----------------------+-----
Evocations     | 1 2 3 |  3.6
Fighting       | 4 5 |  5.6
Armour         | 4 5 |  5.7
Long Blades    | 3 4 |  4.9
Shields        | 4 5 |  5.2

Action                     |  1- 3 |  4- 6 |  7- 9 || total
---------------------------+-------+-------+-------++-------
  Melee: Long sword        |   150 |   220 |   100 ||   470
    Use: Potion            |       |     1 |       ||     1
 Armour: Scale mail        |    99 |    98 |    33 ||   230
  Dodge: Dodged            |    80 |   136 |    67 ||   283
  Block: Buckler           |    40 |    59 |    31 ||   130

Table legend: (Time is in decaauts)
 A = Elapsed time spent in this place.
 B = Non-inter-level travel time spent in this place.
 C = Inter-level travel time spent in this place.
 D = Time resting spent in this place.
 E = Time spent auto-exploring this place.
 F = Levels seen in this place.
 G = Mean time per level.
                   A        B        C        D        E       F      G
               +--------+--------+--------+--------+--------+-----+--------+
         Total |   5220 |   5024 |    196 |   1204 |   2607 |   6 |  870.0 |
       Dungeon |   5220 |   5024 |    196 |   1204 |   2607 |   6 |  870.0 |
               +--------+--------+--------+--------+--------+-----+--------+

Top non-repeatable levels by time:
     D:4: 1887 daAuts
     D:2: 1254 daAuts
     D:3: 982 daAuts
     D:1: 618 daAuts
     D:6: 342 daAuts
     D:5: 136 daAuts
